Map: Ultralove

Players

wootwoot - Winner!

  • Race: Zerg Zerg
  • League: Silver
  • Spawn Location: 7:00

Nutdanai

  • Race: Terran Terran
  • League: Silver
  • Spawn Location: 1:00

VOD

Have the link to the VOD?

Description

Time

  • Played on: April 21, 2025, 10:37 a.m.
  • Length: 3:17
Show
View Real Time Build Order
Export as new Build Order

wootwoot Zerg - Winner!

Build Orders: Pool Only, Ravager All-In 

Get SALT Encoding   

  12  0:00  Drone  
  13  0:08  Drone  
  14  0:25  Spawning Pool  
  13  0:29  Drone  
  13  0:32  Extractor  
  13  0:34  Drone  
  14  0:43  Drone, Extractor  
  14  0:49  Overlord  
  14  1:12  Roach Warren  
  14  1:14  Overlord  
  13  1:52  Roach x3  
  19  2:03  Roach  
  21  2:11  Ravager x3  
  24  2:17  Roach  
  26  2:23  Ravager  
  27  2:34  Overlord  
  27  2:41  Ravager  
  28  2:51  Roach  
Show
View Real Time Build Order
Export as new Build Order

Nutdanai Terran 

Build Orders:  

Get SALT Encoding   

  12  0:00  SCV  
  13  0:20  Supply Depot, SCV  
  14  0:32  SCV  
  15  0:44  SCV, Barracks  
  16  0:54  Refinery  
  16  0:56  SCV  
  17  1:03  Refinery  
  17  1:08  SCV  
  18  1:20  SCV  
  19  1:32  SCV  
  20  1:33  Reaper  
  21  1:44  SCV  
  22  1:56  SCV  
  23  2:02  Command Center  
  23  2:06  Barracks  
  23  2:19  Supply Depot  
  23  2:20  Barracks Tech Lab  
  23  2:27  Supply Depot  
  23  2:54  Barracks Reactor  
  23  3:14  Bunker  
Tags
 
Matchup
TvZ
Opening
Pool Only
Replay Pack
#1B2M-Replays
Spawn Locations
Cross Positions
Add a new tag
Caveats
  • Supply blocks, unpowered buildings, or Contaminate may cause inaccurate times.
  • Supply counts are checked every 10 seconds.